 Dungeon Crawl Stone Soup version 0.31-a0-1042-ga9834b393d (webtiles) character file.

Game seed: 17539614126701007230

60 Dirtsage the Chopper (level 3, 0/43 HPs)
             Began as a Demonspawn Berserker on Nov 20, 2023.
             Was a Believer of Trog.
             Slain by an adder (2 damage)
             ... on level 2 of the Dungeon.
             The game lasted 00:02:09 (1249 turns).

Dirtsage the Chopper (Demonspawn Berserker)         Turns: 1249, Time: 00:02:10

Health: 0/43       AC:  2    Str: 19    XL:     3   Next: 80%
Magic:  3/3        EV: 12    Int:  8    God:    Trog [**....]
Gold:   64         SH:  0    Dex: 12    Spells: 2/2 levels left

rFire   . . .        a - +0 hand axe
rCold   . . .        (no shield)
rNeg    . . .        b - +0 animal skin
rPois   .            (no helmet)
rElec   .            (no cloak)
rCorr   .            (no gloves)
SInv    .            (no boots)
Will    .....        (no amulet) Stlth
                     (no ring)
HPRegen 0.27/turn    (no ring)
MPRegen 0.08/turn

%: no passive effects
@: berserking, lethally poisoned (0 -> -4), very quick
A: powered by pain 2
a: Renounce Religion, Berserk, Trog's Hand


You were on level 2 of the Dungeon.
You worshipped Trog.
Trog was pleased with you.
You visited 1 branch of the dungeon, and saw 2 of its levels.

You collected 64 gold pieces.

Inventory:

Hand Weapons
 a - a +0 hand axe (weapon)
Armour
 b - a +0 animal skin (worn)
Wands
 D - a wand of digging (8)
Scrolls
 e - a scroll of revelation {unknown}
 f - a scroll of blinking {unknown}
 i - a scroll of identify {unknown}
Potions
 c - 2 potions of curing {unknown}
 d - 2 potions of enlightenment {unknown}
 g - a potion of lignification {unknown}
 h - a potion of might {unknown}


   Skills:
 - Level 3.0 Fighting
 + Level 4.3 Axes
 - Level 1.7 Armour
 - Level 1.7 Dodging


You had 2 spell levels left.
You didn't know any spells.
Your spell library was empty.

Dungeon Overview and Level Annotations

Branches:
Dungeon (2/15)

Altars:


Innate Abilities, Weirdness & Mutations

You sometimes gain power by taking damage.


Message History

You fail to use your ability.
You feel sick. The adder closely misses you. The endoplasm hits you.
The adder bites you.
* * * LOW HITPOINT WARNING * * *
You take 6 damage, and have 8/29 hp.
MASSIVE DAMAGE!!
You barely miss the adder.
The adder is heavily wounded.
You hit the endoplasm.
You kill the endoplasm!
Trog accepts your kill.
You feel sick. The adder closely misses you.
You take 1 damage, and have 7/29 hp.
A red film seems to cover your vision as you go berserk!
You feel yourself moving faster!
You feel mighty!
You feel sick. The adder bites you.
* * * LOW HITPOINT WARNING * * *
You are lethally poisoned!
The adder poisons you!
You now have 9/43 hp.
You closely miss the adder.
The adder is heavily wounded.
* * * LOW HITPOINT WARNING * * *
You feel sick. The adder bites you.
* * * LOW HITPOINT WARNING * * *
You take 2 damage, and have 7/43 hp.
You miss the adder.
The adder is heavily wounded.
* * * LOW HITPOINT WARNING * * *
You feel sick. The adder bites you.
* * * LOW HITPOINT WARNING * * *
You take 2 damage, and have 5/43 hp.
You barely miss the adder.
The adder is heavily wounded.
* * * LOW HITPOINT WARNING * * *
You feel sick. The adder bites you but does no damage.
You take 2 damage, and have 3/43 hp.
You miss the adder.
The adder is heavily wounded.
* * * LOW HITPOINT WARNING * * *
You feel sick. The adder bites you.
You die...

#..
###.......####
#..#
#........... #.#
#....#...#.. #.
#.!......... #
#.......##
#.##..###
#.#...##
#...#.)####.#
#........@....#
....##.###.S####
.### #. ##... ..
##... #.# ..## #
... ... ...


You could see an adder.

Vanquished Creatures
  An adder (D:2)
  A worm (D:2)
  2 dart slugs (D:1)
  3 ball pythons (D:1)
  4 bats
  2 endoplasms
  6 goblins
  3 hobgoblins
  5 jackals (D:1)
  A quokka (D:1)
  4 frilled lizards (D:1)
  6 kobolds
  A rat (D:2)
39 creatures vanquished.

Notes
Turn   | Place    | Note
-------+----------+-------------------------------------------
     0 | D:1      | Dirtsage the Demonspawn Berserker began the quest for the
                  | Orb.
     0 | D:1      | Reached XP level 1. HP: 18/18 MP: 1/1
    46 | D:1      | Reached skill level 3 in Axes
   135 | D:1      | Gained mutation: You sometimes gain a little power by
                  | taking damage. [demonic ancestry]
   135 | D:1      | Reached XP level 2. HP: 24/24 MP: 2/2
   579 | D:1      | Gained mutation: You sometimes gain power by taking damage.
                  | [demonic ancestry]
   579 | D:1      | Reached XP level 3. HP: 20/29 MP: 3/3
   735 | D:1      | Reached skill level 4 in Axes
   939 | D:1      | Reached ** piety under Trog
  1249 | D:2      | HP: 2/43 [poisoned by an adder]
  1249 | D:2      | Slain by an adder

Illustrated notes

Levels and vault maps discovered:
D:1:      lightli_arrival_statue_moat, layout_loops_ring, st_stairs_9
D:2:      layout_rooms, kennysheep_potato

Skill      XL: |  1  2  3 |
---------------+----------+-----
Axes           | 3 4 |  4.3
Fighting       | |  3.0
Armour         | |  1.7
Dodging        | |  1.7

Action                     || total
---------------------------++-------
  Melee: Hand axe          ||   161
         Punch             ||     1
 Invoke: Berserk           ||     3
   Stab: Sleeping          ||     1
 Armour: Animal skin       ||   109
  Dodge: Dodged            ||   127

Table legend: (Time is in decaauts)
 A = Elapsed time spent in this place.
 B = Non-inter-level travel time spent in this place.
 C = Inter-level travel time spent in this place.
 D = Time resting spent in this place.
 E = Time spent auto-exploring this place.
 F = Levels seen in this place.
 G = Mean time per level.
                   A        B        C        D        E       F      G
               +--------+--------+--------+--------+--------+-----+--------+
         Total |   1285 |   1241 |     44 |     82 |    863 |   2 |  642.5 |
       Dungeon |   1285 |   1241 |     44 |     82 |    863 |   2 |  642.5 |
               +--------+--------+--------+--------+--------+-----+--------+

Top non-repeatable levels by time:
     D:1: 1096 daAuts
     D:2: 189 daAuts
